 Dungeon Crawl Stone Soup version 0.29.1-12-g30fa7ad0bf (webtiles) character file.

Game seed: 17268190543592934056

417 Radix the Gusty (level 6, -6/27 (28) HPs)
             Began as a Vine Stalker Air Elementalist on Jan 14, 2023.
             Mangled by a wight
             ... wielding a +5 trident
              (13 damage)
             ... on level 7 of the Dungeon.
             The game lasted 00:18:59 (3461 turns).

Radix the Gusty (Vine Stalker Air Elementalist)     Turns: 3461, Time: 00:19:02

HP:   -6/27 (28)    AC:  5    Str: 11    XL:     6   Next: 93%
MP:   0/13          EV: 31    Int: 29    God:
Gold: 1074          SH:  0    Dex: 16    Spells: 10/14 levels left

rFire   . . .      SeeInvis +   h - +4 dagger
rCold   + . .      Faith    .   (no shield)
rNeg    + . .      Spirit   +   k - +1 robe "Rego" {rN+ Int+6 Dex+2}
rPois   +          Reflect  .   n - +0 helmet of the Engineer {rPois rC+ Will+}
rElec   .          Harm     .   (no cloak)
rCorr   .          Rampage  .   u - +0 pair of gloves "Argh" {SInv}
Will    +....                   (no boots)
Stlth   ++........              c - amulet of the acrobat
HPRegen 0.89/turn               e - +6 ring of intelligence
MPRegen 0.13/turn               p - +4 ring of evasion

@: swift (expiring), acrobatic, lightly drained, quick
A: fangs 2, regeneration 1, magic shield, antimagic bite, no potion heal 2
a: no special abilities


You were on level 7 of the Dungeon.
You visited 1 branch of the dungeon, and saw 5 of its levels.

You collected 1074 gold pieces.

Inventory:

Hand Weapons
 h - a +4 dagger (weapon)
 j - a +0 shortbow
Armour
 a - a +0 robe
 i - a +0 pair of gloves
 k - the +1 robe "Rego" (worn) {rN+ Int+6 Dex+2}
   (You found it on level 4 of the Dungeon)

   Int:       It affects your intelligence (+6).
   Dex:       It affects your dexterity (+2).
   rN:        It protects you from negative energy.
 n - the +0 helmet of the Engineer (worn) {rPois rC+ Will+}
   (You found it on level 4 of the Dungeon)

   rC:        It protects you from cold.
   rPois:     It protects you from poison.
   Will:      It increases your willpower.
 r - a +0 pair of gloves
 u - the +0 pair of gloves "Argh" (worn) {SInv}
   (You found it on level 4 of the Dungeon)

   SInv:      It lets you see invisible.
Magical Staves
 g - a staff of poison
Jewellery
 c - an amulet of the acrobat (around neck)
 e - a +6 ring of intelligence (left hand)
 p - a +4 ring of evasion (right hand)
Wands
 q - a wand of iceblast (5)
Scrolls
 d - a scroll of poison
 s - a scroll of summoning
 t - a scroll of teleportation {unknown}
 v - a scroll of blinking {unknown}
Potions
 b - a potion of magic
 f - a potion of lignification
 l - 3 potions of invisibility
 m - 3 potions of curing
 o - a potion of flight {unknown}


   Skills:
 - Level 1.5 Dodging
 - Level 2.4 Stealth
 + Level 4.5 Spellcasting
 + Level 3.9 Conjurations
 + Level 4.9 Air Magic


You had 10 spell levels left.
You knew the following spells:

 Your Spells              Type           Power      Damage    Failure   Level
a - Shock                 Conj/Air       100%       1d9       1%          1
b - Swiftness             Air            35%        N/A       2%          3

Your spell library contained the following spells:

 Spells                   Type           Power      Damage    Failure   Level
 Static Discharge         Conj/Air       32%        3-7/arc   1%          2
 Necrotise                Necr           24%        1d5       7%          1
 Airstrike                Air            17%        2d(3-19)  9%          4
 Ensorcelled Hibernation  Hex/Ice        12%        N/A       10%         2
 Passwall                 Tmut/Erth      5%         N/A       10%         2
 Vampiric Draining        Necr           6%         2d6       21%         3
 Agony                    Necr           6%         N/A       88%         5


Dungeon Overview and Level Annotations

Branches:
Dungeon (4/15)
 Temple: D:4-7

Altars:
Trog

Shops:
D:1 [   D:4 ?


Innate Abilities, Weirdness & Mutations

You have extremely sharp teeth.
Your natural rate of healing is unusually fast.
When hurt, damage is shared between your health and your magic reserves.
Your bite disrupts and absorbs the magic of your enemies.
Potions cannot restore your health.


Message History

Found a leather armour.
You open the door.
There is an open door here.
You open the door. 5 wights come into view.
A wight is wielding a +3 mace of freezing.
Found a stone staircase leading down and a stone staircase leading up.
Casting: Shock (safe; 1% risk of failure)
Confirm with . or Enter, or press ? or * to list all spells.
You feel quick.
The wight hits you from afar with a +5 trident!
The wight closely misses you.
An ufetubus comes into view.
The ufetubus shouts!
You hear an angry hiss.
The wight completely misses you.
Found a dark potion.
Found a bloodstained altar of Trog.
The ufetubus closely misses you.
The ufetubus hits you but does no damage.
The ufetubus misses you. The ufetubus completely misses you.
The ufetubus hits you. The ufetubus completely misses you.
A gnoll comes into view. It is wielding a +0 halberd.
A gnoll sergeant comes into view. It is wielding a +0 spear.
A gnoll comes into view. It is wielding a +0 spear.
The ufetubus completely misses you. The ufetubus barely misses you.
The gnoll shouts!
You hear a shout! x2
The ufetubus closely misses you. The ufetubus completely misses you.
The ufetubus attacks as you move away! The ufetubus completely misses you. x2
A black bear comes into view.
You start to feel a little slower.
The wight hits you with a +4 scimitar! You partially resist.
You feel drained. The ufetubus attacks as you move away!
The ufetubus closely misses you. The ufetubus completely misses you.
A white imp comes into view.
The ufetubus misses you. The ufetubus completely misses you.
An iguana comes into view.
The wight completely misses you.
The wight hits you with a +0 dire flail!
* * * LOW HITPOINT WARNING * * *
The wight hits you from afar with a +5 trident!
You die...

###### .######+##..#...
.................########
................##.......
......!..........#.......
.................#......#
............<.>..#[......
.....gg.@.......######'##
.....##5zz####'###......#
5.....gzz.###...##......#
.⌠......................#
.........................
..._.#...................
.....##...##+#####.......
.l.. #...# #....... h...
...... ........


You could see a gnoll sergeant, an iguana, 4 wights, 2 gnolls and an ufetubus.

Vanquished Creatures
  A scorpion (D:4)
  A necrophage (D:4)
  A howler monkey (D:7)
  An orc priest (D:4)
  An iguana (D:4)
  4 orc wizards (D:4)
  3 adders
  2 dart slugs
  5 orcs (D:4)
  6 endoplasms
  2 giant cockroaches
  12 goblins
  3 hobgoblins
  13 kobolds
  4 quokkas
  2 ball pythons
  8 bats
  3 frilled lizards
  4 rats
76 creatures vanquished.

Notes
Turn   | Place    | Note
-------+----------+-------------------------------------------
     0 | D:1      | Radix the Vine Stalker Air Elementalist began the quest for
                  | the Orb.
     0 | D:1      | Reached XP level 1. HP: 9/9 MP: 4/4
   431 | D:1      | Reached XP level 2. HP: 13/13 MP: 3/6
  1024 | D:1      | Found a faded altar of an unknown god.
  1025 | D:1      | Found Doesucen's Antique Armour Shoppe.
  1041 | D:1      | Reached XP level 3. HP: 16/16 MP: 5/8
  2149 | D:3      | Gained mutation: Your natural rate of healing is unusually
                  | fast. [Vine Stalker growth]
  2149 | D:3      | Reached XP level 4. HP: 21/21 MP: 3/9
  2832 | D:3      | Identified a scroll of acquirement
  2832 | D:3      | Acquired 819 gold pieces
  2846 | D:4      | Learned a level 3 spell: Swiftness
  2897 | D:4      | Noticed a necrophage
  2898 | D:4      | Reached XP level 5. HP: 19/24 MP: 0/11
  3046 | D:4      | Identified the +1 robe "Rego" {rN+ Int+6 Dex+2}
  3080 | D:4      | Reached XP level 6. HP: 28/28 MP: 8/13
  3251 | D:4      | Identified the +0 helmet of the Engineer {rPois rC+ Will+}
  3261 | D:4      | Found Pinun's Magic Scroll Shop.
  3373 | D:4      | Identified the +0 pair of gloves "Argh" {SInv}
  3386 | D:4      | You fall into a shaft and drop 3 floors!
  3453 | D:7      | Found a bloodstained altar of Trog.
  3458 | D:7      | Noticed a black bear
  3461 | D:7      | Mangled by a wight

Illustrated notes

Levels and vault maps discovered:
D:1:      lightli_arrival_maybe_door_vault, layout_basic, serial_shops, shop,
          chequers_ecumenical_altar_simple, minmay_pentomino_o4
D:2:      layout_basic
D:3:      layout_basic, chequers_serial_rivers_room_a, chequers_mini_garden,
          minmay_checkerbox
D:4:      layout_rooms, minitemple, serial_shops, nicolae_take_the_stairs
D:7:      layout_gridville, mainiacjoe_overflow_brackets,
          grunt_temple_overflow_open, uniq_pikel

Skill      XL: |  1  2  3  4  5 |
---------------+----------------+-----
Conjurations   | 2 3 |  3.9
Spellcasting   | 3 4 |  4.5
Air Magic      | 4 |  4.9
Dodging        | |  1.5
Stealth        | |  2.4

Action                   |  1- 3 |  4- 6 || total
-------------------------+-------+-------++-------
Melee: Unarmed           |     5 |       ||     5
       Dagger            |    14 |    40 ||    54
       Bite              |     7 |    10 ||    17
       Punch             |       |     3 ||     3
 Cast: Shock             |    68 |    60 ||   128
       Swiftness         |       |     1 ||     1
  Use: Scroll            |     5 |     4 ||     9
Armor: Robe              |     3 |     5 ||     8
Dodge: Dodged            |    13 |    44 ||    57
